 Dungeon Crawl Stone Soup version 0.27-a0-984-g00e00afbbc (webtiles) character file.

Game seed: 2991735126662454709

27 Morbidden the Skirmisher (level 2, 0/24 HPs)
             Began as a Demonspawn Fighter on Apr 15, 2021.
             Succumbed to an adder's poison
             ... on level 2 of the Dungeon.
             The game lasted 00:00:50 (1196 turns).

Morbidden the Skirmisher (Demonspawn Fighter)       Turns: 1196, Time: 00:00:50

Health: 0/24       AC:  7    Str: 16    XL:     2   Next: 93%
Magic:  11/11      EV:  9    Int:  9    God:
Gold:   9          SH:  0    Dex: 12    Spells: 1/1 levels left

rFire    . . .     SeeInvis .   (no weapon)
rCold    . . .     Faith    .   (no shield)
rNeg     . . .     Spirit   .   b - +0 scale mail
rPois    .         Reflect  .   (no helmet)
rElec    .         Harm     .   h - +0 cloak
rCorr    .         Rampage  .   (no gloves)
Will     .....                  (no boots)
Stlth    ..........             (no amulet)
HPRegen  0.08/turn              e - ring of magical power
MPRegen  0.12/turn              (no ring)

@: lethally poisoned (0 -> -4)
A: claws 1
a: no special abilities


You were on level 2 of the Dungeon.
You visited 1 branch of the dungeon, and saw 2 of its levels.

You collected 9 gold pieces.

Inventory:

Missiles
 a - a throwing net (quivered)
Armour
 b - a +0 scale mail (worn)
 h - a +0 cloak (worn)
Jewellery
 e - a ring of magical power (left claw)
Scrolls
 c - a scroll of acquirement {unknown}
 f - a scroll of identify {unknown}
 g - a scroll of blinking {unknown}
Potions
 d - a potion of might


   Skills:
 + Level 3.2 Fighting
 + Level 2.1 Long Blades
 + Level 3.1 Armour
 + Level 0.1 Dodging
 + Level 2.9 Shields
 + Level 0.1 Unarmed Combat


You had one spell level left.
You didn't know any spells.
Your spell library was empty.

Dungeon Overview and Level Annotations

Branches:
Dungeon (2/15)

Altars:


Innate Abilities, Weirdness & Mutations

You have sharp fingernails.


Message History

The adder is heavily wounded.
You feel sick. The adder bites you.
* * * LOW HITPOINT WARNING * * *
You closely miss the adder.
The adder is heavily wounded.
You feel sick. The adder bites you but does no damage.
The adder barely misses you.
Unknown command.
You scratch the adder but do no damage.
The adder is heavily wounded.
You feel sick. The adder bites you but does no damage.
You scratch the adder.
The adder is severely wounded.
You feel sick.
You are no longer poisoned.
The adder bites you but does no damage.
Unknown command.
Unknown command.
Unknown command.
You scratch the adder but do no damage.
The adder is severely wounded.
The adder bites you but does no damage. The adder closely misses you.
You closely miss the adder.
The adder is severely wounded.
The adder closely misses you.
Unknown command.
You scratch the adder.
The adder is almost dead.
The adder bites you.
* * * LOW HITPOINT WARNING * * *
You are lethally poisoned!
The adder poisons you!
Unknown command.
Unknown command.
Okay, then.
You scratch the adder.
You kill the adder!
* * * LOW HITPOINT WARNING * * *
You feel sick.
You die...

### #.. #.############
#.##........<####
#######.##.####.........
.................(......
######.##.##########.##
#@##.......# .#
#.########.# # ... ##.##
..# ###


There were no monsters in sight!

Vanquished Creatures
  An adder (D:2)
  A dart slug (D:1)
  A ball python (D:1)
  3 bats (D:1)
  2 endoplasms (D:1)
  A giant cockroach (D:1)
  A hobgoblin (D:1)
  A quokka (D:1)
  A frilled lizard (D:1)
  2 kobolds (D:1)
  2 rats (D:1)
16 creatures vanquished.

Notes
Turn   | Place    | Note
-------+----------+-------------------------------------------
     0 | D:1      | Morbidden the Demonspawn Fighter began the quest for the
                  | Orb.
     0 | D:1      | Reached XP level 1. HP: 18/18 MP: 1/1
   608 | D:1      | Gained mutation: You have sharp fingernails. [demonic
                  | ancestry]
   608 | D:1      | Reached XP level 2. HP: 24/24 MP: 2/2
  1195 | D:2      | HP: 1/24 [poisoned by an adder]
  1196 | D:2      | Succumbed to an adder's poison

Illustrated notes

Levels and vault maps discovered:
D:1:      shiori_arrival_maze, layout_basic
D:2:      layout_basic

Skill      XL: |  1  2 |
---------------+-------+-----
Long Blades    | 2 |  2.1
Armour         | 3 |  3.1
Fighting       | |  3.2
Dodging        | |  0.1
Shields        | |  2.9
Unarmed Combat | |  0.1

Action                   || total
-------------------------++-------
Melee: Long sword        ||    31
       Unarmed           ||    46
Armor: Scale mail        ||    58
Dodge: Dodged            ||    27
Block: Kite shield       ||    19
       Rpst.: Long sword ||     4

Table legend: (Time is in decaauts)
 A = Elapsed time spent in this place.
 B = Non-inter-level travel time spent in this place.
 C = Inter-level travel time spent in this place.
 D = Time resting spent in this place.
 E = Time spent auto-exploring this place.
 F = Levels seen in this place.
 G = Mean time per level.
                   A        B        C        D        E       F      G
               +--------+--------+--------+--------+--------+-----+--------+
         Total |   1212 |   1191 |     21 |      0 |   1036 |   2 |  606.0 |
       Dungeon |   1212 |   1191 |     21 |      0 |   1036 |   2 |  606.0 |
               +--------+--------+--------+--------+--------+-----+--------+

Top non-repeatable levels by time:
     D:1: 1164 daAuts
     D:2: 47 daAuts
